 Dungeon Crawl Stone Soup version 0.18-a0-1157-g59db91b (webtiles) character file.

59235 Duffy the Severer (level 14, 127/127 HPs)
             Began as a Minotaur Fighter on Jan 23, 2016.
             Was the Champion of Cheibriados.
             Quit the game on level 8 of the Lair of Beasts.
             The game lasted 00:23:59 (17700 turns).

Duffy the Severer (Minotaur Fighter)               Turns: 17700, Time: 00:23:59

Health: 127/127    AC: 24    Str: 40    XL:     14   Next: 52%
Magic:  19/19      EV: 21    Int: 20    God:    Cheibriados [******]
Gold:   1354       SH:  0    Dex: 26    Spells: 1 memorised, 10 levels left

rFire  . . .     SeeInvis .     A - +2 broad axe (chop)
rCold  + + .     Gourm    .     C - +0 plate armour
rNeg   . . .     Faith    +     (no shield)
rPois  .         Spirit   .     R - +1 hat
rElec  .         Dismiss  .     K - +2 cloak
rCorr  .         Reflect  .     b - +2 pair of gloves
SustAt .         Harm     .     (no boots)
MR     +....                    G - amulet of faith
Stlth  ..........               T - ring of protection from cold
                                a - ring of protection from cold

@: very slow, somewhat resistant to hostile enchantments, extremely unstealthy
A: retaliatory headbutt, horns 2
a: Bend Time, Temporal Distortion, Slouch, Step From Time, Renounce Religion


You were on level 8 of the Lair of Beasts.
You worshipped Cheibriados.
Cheibriados was exalted by your worship.
You were full.

You visited 2 branches of the dungeon, and saw 18 of its levels.
You also visited: Ice Cave.

You collected 1763 gold pieces.
You spent 409 gold pieces at shops.


Innate Abilities, Weirdness & Mutations

You reflexively headbutt those who attack you in melee.
You have a pair of horns on your head.


   Skills:
 + Level 12.5 Fighting
 - Level 18.2 Axes
 + Level 13.0 Armour
 + Level 11.9 Dodging
   Level 3.6 Shields
 - Level 8.5 Invocations


You had 10 spell levels left.
You knew the following spells:

 Your Spells              Type           Power        Failure   Level  Hunger
a - Regeneration          Chrm/Necr      #.........   99%         3    ####...

Inventory:

Hand Weapons
 A - a +2 broad axe of chopping (weapon)
 U - a +0 blowgun
 W - a +1 demon whip of flaming
Missiles
 e - 142 poisoned needles
 m - 8 curare-tipped needles
Armour
 b - a +2 pair of gloves (worn)
 C - a +0 plate armour (worn)
 K - a +2 cloak (worn)
 R - a +1 hat (worn)
Rods
 j - a +2 rod of shadows (14/14)
Jewellery
 a - a ring of protection from cold (left hand)
 r - an uncursed ring of fire
 y - an uncursed ring of ice
 G - an amulet of faith (around neck)
 T - a ring of protection from cold (right hand)
Wands
 g - a wand of disintegration (11/24)
 P - a wand of teleportation (5/9)
 Q - a wand of heal wounds (6/9)
 Y - a wand of fire (9/15)
 Z - a wand of fire (8/15)
Scrolls
 i - 5 scrolls of teleportation
 l - 3 scrolls of fog
 p - a scroll of enchant armour
 u - a scroll of fear
 x - 4 scrolls of magic mapping
 D - 6 scrolls of remove curse
 O - 3 scrolls of immolation
Potions
 d - 4 potions of might
 h - 5 potions of agility
 k - 2 potions of magic
 t - 3 potions of lignification
 w - 2 potions of ambrosia
 B - 2 potions of cure mutation
 I - 3 potions of curing
 J - 2 potions of resistance
 L - 2 potions of cancellation
 M - a potion of heal wounds
 V - a potion of brilliance {unknown}
Miscellaneous
 z - a disc of storms
 X - a stone of tremors
Comestibles
 c - 6 beef jerkies
 f - 8 bread rations
 o - 8 meat rations
 N - 23 fruits

Dungeon Overview and Level Annotations

Branches:
Dungeon (10/15)            Temple (0/1) D:6            Lair (8/8) D:9
  Swamp (0/4) Lair:5       Spider (0/4) Lair:5        Slime (0/6) Lair:6
    Orc: D:9-12

Altars:
Cheibriados
Dithmenos
Fedhas
Makhleb
Nemelex Xobeh
Trog
Vehumet
Zin
Jiyva

Shops:
D:7 *   D:8 }}[

Portals:
Hell: Lair:8

Annotations:
D:10 st0uf's ghost, novice DrTm
Lair:6 1 runed door


Message History

Partly explored, can't reach some places.
Read which item? (? for menu, Esc to quit)
As you read the scroll labeled REVOQE MOMU, it crumbles to dust.
Your body is wracked with pain!
It was a scroll of torment.
You start resting.
HP restored.
Read which item? (? for menu, Esc to quit)
As you read the scroll labeled MILAZX SANE, it crumbles to dust.
Magic quickly surges around you.
It was a scroll of vulnerability.
Read which item? (? for menu, Esc to quit)
As you read the scroll labeled BISHOZ KOIBLO, it crumbles to dust.
A profound silence engulfs you.
It was a scroll of silence.
You start waiting.
Your hearing returns.
You start waiting.
You feel less vulnerable to hostile enchantments.
Read which item? (? for menu, Esc to quit)
As you read the scroll labeled MANWE VEOWO, it crumbles to dust.
You hear the tinkle of an enormous bell.
It was a scroll of random uselessness.
Read which item? (? for menu, Esc to quit)
As you read the scroll labeled IXEUSM QYGOASIA, it crumbles to dust.
It is a scroll of enchant weapon.
Enchant which weapon? (? for menu, Esc to quit)
Your +0 demon whip of flaming glows red for a moment.
Read which item? (? for menu, Esc to quit)
Blink to where?
Press: ? - help, Dir - move target cursor, f - you Are you sure you want to cancel this blink?
Okay, then.
As you read the scroll labeled BYOLARA TENIBB, it crumbles to dust.
It was a scroll of blinking.
Partly explored, can't reach some places.
Partly explored, can't reach some places.
Are you sure you want to abandon this character and quit the game? (Confirm with "yes".)

7....77 777..77..777
..7...777
77...77777..777
7777.7..7777 7777...77
777..77
777..777...777....777
777..77 77..77
77.......777 7......
7..77 77.77.777
######''## ..777
77777'#########.........
.7..77
7#........#...8....8
.77..7
#.@8.8...'.........
7777.77
#...8.8..########## 7
7%.77
#..8.8..)#........0
77...7
#...8.8..#.....)...
7....7
#..8.8...'...._....
7.8.77
#...8.8..#....00..0


77777 #........#....00~~0 #############~000~0 *~~~~~0~0~0~0 There were no
monsters in sight!

Action                   |  1- 3 |  4- 6 |  7- 9 | 10-12 | 13-15 || total
-------------------------+-------+-------+-------+-------+-------++-------
Melee: War axe           |    78 |    27 |       |       |       ||   105
       Broad axe         |       |    36 |   168 |   350 |   355 ||   909
Invok: Slouch            |       |       |       |       |     3 ||     3
Evoke: Wand              |       |       |       |     4 |       ||     4
  Use: Scroll            |       |       |     7 |     8 |    12 ||    27
       Potion            |       |       |     1 |     1 |     1 ||     3
 Stab: Held in net/web   |       |       |       |     1 |       ||     1
       Distracted        |       |       |       |       |     1 ||     1
  Eat: Chunk             |       |     2 |     5 |    21 |     5 ||    33
       Pizza             |       |       |       |       |     1 ||     1

Notes
Turn   | Place    | Note
--------------------------------------------------------------
     0 | D:1      | Duffy the Minotaur Fighter began the quest for the Orb.
     0 | D:1      | Reached XP level 1. HP: 19/19 MP: 0/0
     8 | D:2      | Found a snail-covered altar of Cheibriados.
    11 | D:2      | Became a worshipper of Cheibriados the Contemplative
    14 | D:2      | Reached skill level 3 in Axes
    93 | D:1      | Reached XP level 2. HP: 26/26 MP: 1/1
   384 | D:1      | Reached skill level 4 in Axes
   528 | D:1      | Reached * piety under Cheibriados
   766 | D:2      | Reached XP level 3. HP: 27/31 MP: 2/2
  1001 | D:2      | Reached skill level 5 in Axes
  1170 | D:2      | Reached XP level 4. HP: 33/39 MP: 3/3
  1294 | D:3      | Reached ** piety under Cheibriados
  1306 | D:3      | You fall through a shaft!
  1628 | D:3      | Noticed a phantom
  1637 | D:3      | Killed a phantom
  1637 | D:3      | Reached skill level 7 in Axes
  1637 | D:3      | Reached XP level 5. HP: 45/45 MP: 4/4
  1970 | D:4      | Reached XP level 6. HP: 47/52 MP: 5/5
  2227 | D:4      | Reached skill level 4 in Fighting
  2227 | D:4      | Reached skill level 4 in Armour
  2227 | D:4      | Reached skill level 1 in Dodging
  2278 | D:4      | Reached skill level 2 in Dodging
  2280 | D:4      | Reached XP level 7. HP: 57/60 MP: 6/6
  2282 | D:4      | Reached skill level 8 in Axes
  2288 | D:4      | Reached *** piety under Cheibriados
  2452 | D:4      | Found a shadowy altar of Dithmenos.
  2563 | D:4      | Reached skill level 5 in Fighting
  2810 | D:5      | Entered Level 5 of the Dungeon
  2845 | D:5      | Reached skill level 5 in Armour
  2871 | D:5      | Found a radiant altar of Vehumet.
  2881 | D:5      | Reached skill level 9 in Axes
  2909 | D:5      | Reached XP level 8. HP: 60/68 MP: 7/7
  2974 | D:5      | Noticed Eustachio
  2980 | D:5      | Reached skill level 6 in Armour
  3005 | D:5      | Killed Eustachio
  3113 | D:5      | Noticed Grinder
  3114 | D:5      | Noticed Blork the orc
  3125 | D:5      | Paralysed by Grinder for 5 turns
  3130 | D:5      | Killed Grinder
  3130 | D:5      | Reached skill level 7 in Armour
  3132 | D:5      | Killed Blork the orc
  3132 | D:5      | Reached skill level 10 in Axes
  3511 | D:6      | Noticed a hill giant
  3517 | D:6      | Killed a hill giant
  3517 | D:6      | Reached skill level 8 in Armour
  3517 | D:6      | Reached XP level 9. HP: 54/74 MP: 8/8
  3532 | D:6      | Reached **** piety under Cheibriados
  3790 | D:6      | Reached skill level 11 in Axes
  3802 | D:6      | Reached skill level 9 in Armour
  4003 | D:6      | Reached skill level 3 in Dodging
  4259 | D:6      | Found a staircase to the Ecumenical Temple.
  4429 | D:7      | Reached skill level 4 in Dodging
  4808 | D:7      | Reached skill level 5 in Dodging
  4911 | D:7      | Found Jainkeibay's Assorted Antiques.
  4919 | D:7      | Bought a scroll of identify for 44 gold pieces
  4919 | D:7      | Bought a scroll labeled MILAZX SANE for 22 gold pieces
  4919 | D:7      | Bought a fizzy coppery potion for 19 gold pieces
  5056 | D:7      | Reached skill level 12 in Axes
  5335 | D:8      | Reached ***** piety under Cheibriados
  5456 | D:8      | Found Siuwk's Gadget Emporium.
  5495 | D:8      | Reached skill level 6 in Dodging
  5510 | D:8      | Bought a wand of teleportation (5/9) for 324 gold pieces
  5530 | D:8      | Reached XP level 10. HP: 79/81 MP: 9/9
  5610 | D:8      | Reached skill level 7 in Dodging
  5662 | D:8      | Reached skill level 13 in Axes
  5809 | D:8      | Found Qosmuasm's Armour Shop.
  5840 | D:8      | Found Eckenitz's Gadget Boutique.
  5895 | D:8      | Found a glowing silver altar of Zin.
  6033 | D:8      | Found a blossoming altar of Fedhas.
  6163 | D:9      | Found a sparkling altar of Nemelex Xobeh.
  6178 | D:9      | Reached skill level 8 in Dodging
  6265 | D:9      | Found a bloodstained altar of Trog.
  6273 | D:9      | Noticed Erolcha
  6282 | D:9      | Killed Erolcha
  6282 | D:9      | Reached skill level 6 in Fighting
  6666 | D:9      | Reached skill level 7 in Fighting
  6667 | D:9      | Reached skill level 14 in Axes
  6669 | D:9      | Reached ****** piety under Cheibriados
  6822 | D:9      | Found a staircase to the Lair.
  7100 | D:10     | Entered Level 10 of the Dungeon
  7115 | D:10     | Noticed a hill giant
  7120 | D:10     | Killed a hill giant
  7120 | D:10     | Reached skill level 8 in Fighting
  7120 | D:10     | Reached XP level 11. HP: 61/94 MP: 10/10
  7309 | D:10     | Noticed a hill giant
  7312 | D:10     | Killed a hill giant
  7312 | D:10     | Reached skill level 1 in Invocations
  7322 | D:10     | Noticed st0uf's ghost (novice DrTm)
  7387 | Lair:1   | Entered Level 1 of the Lair of Beasts
  7507 | Lair:1   | Noticed a six-headed hydra
  7513 | Lair:1   | Killed an eight-headed hydra
  7513 | Lair:1   | Reached skill level 2 in Invocations
  7624 | Lair:1   | Reached skill level 3 in Invocations
  7781 | Lair:1   | Reached skill level 15 in Axes
  7783 | Lair:1   | Reached skill level 4 in Invocations
  7815 | Lair:1   | Noticed a seven-headed hydra
  7822 | Lair:1   | Killed an 11-headed hydra
  8099 | Lair:1   | You fall through a shaft!
  8107 | Lair:2   | Reached skill level 5 in Invocations
  9043 | Lair:2   | Reached skill level 6 in Invocations
  9350 | Lair:3   | Reached skill level 16 in Axes
  9505 | Lair:3   | Reached XP level 12. HP: 100/102 MP: 14/16
  9649 | Lair:3   | Noticed a seven-headed hydra
  9654 | Lair:3   | Killed a ten-headed hydra
  9698 | Lair:3   | Reached skill level 7 in Invocations
 10148 | Lair:4   | Noticed an eight-headed hydra
 10148 | Lair:4   | Noticed a five-headed hydra
 10155 | Lair:4   | Killed an 11-headed hydra
 10158 | Lair:4   | Killed a ten-headed hydra
 10158 | Lair:4   | Reached skill level 8 in Invocations
 10782 | Lair:4   | Reached skill level 17 in Axes
 11275 | Lair:5   | Reached skill level 18 in Axes
 11332 | Lair:5   | Found a staircase to the Swamp.
 11464 | Lair:5   | Found a hole to the Spider Nest.
 11815 | Lair:5   | Noticed a five-headed hydra
 11817 | Lair:5   | Killed a seven-headed hydra
 11817 | Lair:5   | Reached XP level 13. HP: 110/110 MP: 18/18
 12112 | Lair:5   | Reached skill level 9 in Fighting
 12928 | Lair:6   | Found a runed door.
 12929 | Lair:6   | Found a viscous altar of Jiyva.
 12931 | Lair:6   | Found a staircase to the Slime Pits.
 12982 | Lair:6   | Reached skill level 10 in Armour
 13587 | Lair:7   | Identified the Incunabulum of Darkness (You found it on level 7 of the Lair of Beasts)
 13683 | Lair:7   | Noticed Snorg
 13691 | Lair:7   | Killed Snorg
 13691 | Lair:7   | Reached skill level 9 in Dodging
 13852 | Lair:7   | Noticed Leszczynek's ghost (journeyman OpSk)
 13893 | Lair:7   | Killed Leszczynek's ghost
 14370 | Lair:7   | Reached skill level 10 in Fighting
 14388 | Lair:8   | Entered Level 8 of the Lair of Beasts
 14439 | Lair:8   | Found a frozen archway.
 14470 | IceCv    | Entered an ice cave
 14572 | IceCv    | Reached skill level 11 in Armour
 14654 | IceCv    | Reached skill level 10 in Dodging
 14927 | IceCv    | Noticed a frost giant
 14940 | IceCv    | Reached skill level 11 in Fighting
 14950 | IceCv    | Killed a frost giant
 15308 | IceCv    | Identified the Compendium of Harmful Ice (You found it in an ice cave)
 15486 | Lair:8   | Reached skill level 12 in Armour
 15486 | Lair:8   | Reached XP level 14. HP: 76/124 MP: 19/19
 15662 | Lair:8   | Reached skill level 11 in Dodging
 16166 | Lair:8   | Learned a level 3 spell: Regeneration
 16195 | Lair:8   | Noticed Maud
 16205 | Lair:8   | Killed Maud
 16349 | Lair:8   | Reached skill level 12 in Fighting
 17100 | Lair:8   | Found a burning altar of Makhleb.
 17108 | Lair:8   | Reached skill level 13 in Armour
 17109 | Lair:8   | Found a gateway to Hell.
 17700 | Lair:8   | Quit the game

Vault maps used:
D:1:      dpeg_arrival_tiny_a, minmay_splitting_lines,
          hangedman_decor_clover_reticule
D:2:      cheibriados_altar_1
D:3:      wad_pebble_path, first_bread
D:4:      grunt_dithmenos_smoke_and_mirrors
D:5:      lemuel_crystal_altar, uniq_blork_the_orc, uniq_grinder, uniq_eustachio
D:6:      temple_statues
D:7:      serial_shops, shop
D:8:      kennysheep_six_static_rooms, zin_statuary, fedhas_altar_fruit_tree,
          serial_shops, kennysheep_little_box,
          nicolae_shop_temple_entry_statues_fountains, shop, special_room
D:9:      nemelex_xobeh_ov_fountains_minmay, kennysheep_mini,
          minmay_lair_entry_lava, uniq_erolcha
D:10:     minmay_distorted_concentric_squares
Lair:1:   st_stairs_11, grunt_megastairs_4
Lair:3:   patterned_corridor
Lair:5:   minmay_swamp_entry_swarm, nicolae_spider_entry_tight_spaces,
          columned_hall_lemuel
Lair:6:   slime_altar_2, serial_bayou_pond_d
Lair:7:   uniq_snorg
Lair:8:   evil_forest, portal_ice_cave_entry_ice_beasts, uniq_maud
IceCv:    ice_cave_caverns_03

Vanquished Creatures
  A frost giant Maud
  The ghost of Leszczynek the Basher, a journeyman OpSk of Nemelex Xobeh
  A dire elephant Snorg
  9 hydras Erolcha
  2 death yaks
  A sun demon
  A fire crab
  3 hill giants
  A wizard
  5 elephants
  A smoke demon
  4 orange demons
  3 black mambas
  10 spiny frogs
  4 komodo dragons
  4 ice devils
  2 red devils
  3 fire drakes
  16 polar bears
  A hellwing
  3 jumping spiders
  A boulder beetle Grinder
  10 blink frogs
  3 redbacks
  A wraith
  5 wyverns
  52 yaks Eustachio
  13 hippogriffs
  4 vampire mosquitoes
  4 basilisks
  29 wolves
  19 water moccasins
  4 orc warriors
  10 porcupines
  11 ice beasts
  3 phantoms
  2 sky beasts
  3 black bears
  2 ogres
  4 centaurs
  7 big kobolds
  18 crocodiles Blork the orc
  17 giant frogs
  3 scorpions
  A water moccasin skeleton
  6 killer bees
  2 crimson imps
  3 jellies
  4 orc priests
  A centaur skeleton
  3 hounds
  9 iguanas
  10 orc wizards
  4 worker ants
  2 killer bee zombies
  38 sheep
  2 hound skeletons
  3 worker ant zombies
  9 adders
  64 river rats
  2 shadow imps
  An ooze
  2 adder skeletons
  7 worms
  3 giant geckos
  28 orcs
  5 bats
  8 giant cockroaches
  8 goblins
  5 hobgoblins
  5 jackals
  6 quokkas
  2 ball pythons
  A giant cockroach zombie
  4 giant newts
  23 kobolds
  7 rats
  50 fungi
  15 plants
650 creatures vanquished.
